 Dungeon Crawl Stone Soup version 0.32-a0-913-g739538afd8 (webtiles) character file.

Game seed: 5526078564362630462

93 Hubris850 the Charlatan (level 4, -2/33 HPs)
             Began as a Coglin Artificer on Apr 8, 2024.
             Incinerated by a bombardier beetle (4 damage)
             ... with a burning spray
             ... on level 3 of the Dungeon.
             The game lasted 00:03:55 (1999 turns).

Hubris850 the Charlatan (Coglin Artificer)          Turns: 1999, Time: 00:03:56

Health: -2/33      AC:  5    Str: 14    XL:     4   Next: 61%
Magic:  4/4        EV: 10    Int: 10    God:
Gold:   117        SH:  0    Dex: 15    Spells: 3/3 levels left

rFire   . . .        j - +0 mace {Hajoon}
rCold   . . .        s - +0 hand axe {Imanvir}
rNeg    . . .        q - +0 ring mail
rPois   .            (no helmet)
rElec   .            (no cloak)
rCorr   .            (no gloves)
SInv    .            (no boots)
Will    .....        (amulet unavailable)
Stlth   +            (ring unavailable)
HPRegen 0.25/turn    (ring unavailable)
MPRegen 0.09/turn    (no gizmo)

%: no passive effects
@: on fire, glowing, revved
A: off-hand wielding, slow wielding, warmup strikes, no jewellery
a: Invent Gizmo


You were on level 3 of the Dungeon.
You visited 1 branch of the dungeon, and saw 3 of its levels.

You collected 117 gold pieces.

Inventory:

Hand Weapons
 a - a +0 club {Hamal}
 f - a +0 dagger {Suthep}
 j - a +0 mace (weapon) {Hajoon}
 s - a +0 hand axe (offhand) {Imanvir}
Armour
 b - a +0 leather armour
 q - a +0 ring mail (worn)
Wands
 c - a wand of flame (15) (quivered)
 d - a wand of charming (15)
 e - a wand of iceblast (5)
 r - a wand of mindburst (20)
Scrolls
 h - a scroll of blinking {unknown}
 l - a scroll of identify {unknown}
 n - 3 scrolls of torment {unknown}
 o - a scroll of brand weapon {unknown}
 p - a scroll of poison {unknown}
 t - a scroll of noise {unknown}
 u - a scroll of enchant armour {unknown}
Potions
 g - 2 potions of haste {unknown}
 i - a potion of invisibility {unknown}
 k - a potion of enlightenment {unknown}
 m - 2 potions of might {unknown}


   Skills:
 + Level 2.0 Fighting
 + Level 2.4 Armour
 + Level 1.7 Dodging
 + Level 1.7 Stealth
 + Level 4.7 Evocations


You had 3 spell levels left.
You didn't know any spells.
Your spell library contained the following spells:

 Spells                   Type           Power      Damage    Failure   Level
 Kiss of Death            Conj/Necr      0%         2d5       58%         1
 Magic Dart               Conj           0%         1d3       58%         1
 Shock                    Conj/Air       0%         1d3       58%         1
 Blink                    Tloc           0%         N/A       75%         2
 Call Imp                 Summ           0%         N/A       75%         2
 Confusing Touch          Hex            0%         N/A       92%         3
 Swiftness                Air            0%         N/A       92%         3
 Airstrike                Air            0%         2d(0-16)  100%        4
 Dispel Undead            Necr           0%         3d6       100%        4


Dungeon Overview and Level Annotations

Branches:
Dungeon (3/15)

Altars:
Kikubaaqudgha
Makhleb
Sif Muna


Innate Abilities, Weirdness & Mutations

You can wield a second weapon in your off-hand.
It takes a long time for you to wield or remove held weapons.
Your first few attacks do less damage.
You cannot equip rings or amulets.


Message History

The bombardier beetle sprays incendiary fluid at you.
The burning spray hits you.
You are covered in liquid fire!
You sock the bombardier beetle with your +0 mace!
The bombardier beetle is severely wounded.
You hit the bombardier beetle with your +0 hand axe.
The liquid fire burns you!
You hit the bombardier beetle but do no damage.
The bombardier beetle is almost dead.
You hit the orc but do no damage.
You hit the bombardier beetle with your +0 mace.
You kill the bombardier beetle!
The liquid fire burns you! The orc misses you.
Your Fighting skill increases to level 2!
You shake off some of the fire as you move.
The liquid fire burns you!
The orc wizard shouts!
The orc closely misses you.
You hit the orc but do no damage.
You completely miss the orc with your +0 hand axe.
You hit the orc with your +0 mace. The liquid fire burns you!
The orc hits you with a +0 mace. The orc hits you with a +0 flail!
* * * LOW HITPOINT WARNING * * *
You closely miss the orc with your +0 mace.
The orc is heavily wounded.
You barely miss the orc with your +0 hand axe. x2
The liquid fire burns you!
* * * LOW HITPOINT WARNING * * *
The orc hits you with a +0 mace.
* * * LOW HITPOINT WARNING * * *
The orc hits you but does no damage.
You hit the orc but do no damage.
The orc is heavily wounded.
You hit the orc with your +0 hand axe.
You closely miss the orc with your +0 hand axe.
You barely miss the orc with your +0 mace.
The liquid fire burns you!
You die...

........#..#
......#########
...#### .. ...#
..# ...# .. ...#
#o#### ...#
#....# ...#
####oo..# ...#
#....@.# ####
#.###.o# #
#^###..# ###
#.##...# (.#
##.##.#.# #.###
##...#.#..# #...#
###......####
###.####........#
# #...##........#


You could see an orc wizard and 3 orcs.

Vanquished Creatures
  A bombardier beetle (D:3)
  2 adders (D:3)
  2 dart slugs
  A ribbon worm (D:2)
  A bat (D:1)
  5 endoplasms
  4 goblins
  2 hobgoblins (D:1)
  3 kobolds (D:1)
  A quokka (D:3)
  4 ball pythons
  7 frilled lizards
  3 rats
36 creatures vanquished.

Notes
Turn   | Place    | Note
-------+----------+-------------------------------------------
     0 | D:1      | Hubris850 the Coglin Artificer began the quest for the Orb.
     0 | D:1      | Reached XP level 1. HP: 15/15 MP: 1/1
    48 | D:1      | Reached skill level 1 in Dodging
    86 | D:1      | Reached skill level 1 in Stealth
   221 | D:1      | Reached XP level 2. HP: 19/21 MP: 2/2
  1053 | D:2      | Reached XP level 3. HP: 13/26 MP: 3/3
  1813 | D:3      | Found a shimmering blue altar of Sif Muna.
  1813 | D:3      | Found a burning altar of Makhleb.
  1814 | D:3      | Found an ancient bone altar of Kikubaaqudgha.
  1891 | D:3      | Reached XP level 4. HP: 31/33 MP: 4/4
  1999 | D:3      | Incinerated by a bombardier beetle

Illustrated notes

Levels and vault maps discovered:
D:1:      lightli_arrival_noodles, layout_loops_ring,
          minmay_misc_feat_secret_circle, minmay_box_of_dots
D:2:      layout_basic
D:3:      layout_rooms, gammafunk_temple_overflow_forgotten,
          hangedman_decor_push

Skill      XL: |  1  2  3  4 |
---------------+-------------+-----
Dodging        | 1 |  1.7
Stealth        | 1 |  1.7
Armour         | 2 |  2.4
Fighting       | 2 |  2.0
Evocations     | |  4.7

Action                     |  1- 3 |  4- 6 || total
---------------------------+-------+-------++-------
  Melee: Dagger            |    48 |       ||    48
         Club              |     7 |       ||     7
         Mace              |    60 |     9 ||    69
         Hand axe          |    19 |     9 ||    28
   Stab: Sleeping          |     2 |       ||     2
 Armour: Leather armour    |    34 |       ||    34
         Ring mail         |    21 |     5 ||    26
  Dodge: Dodged            |    45 |     4 ||    49

Table legend: (Time is in decaauts)
 A = Elapsed time spent in this place.
 B = Non-inter-level travel time spent in this place.
 C = Inter-level travel time spent in this place.
 D = Time resting spent in this place.
 E = Time spent auto-exploring this place.
 F = Levels seen in this place.
 G = Mean time per level.
                   A        B        C        D        E       F      G
               +--------+--------+--------+--------+--------+-----+--------+
         Total |   2019 |   1986 |     33 |     65 |   1575 |   3 |  673.0 |
       Dungeon |   2019 |   1986 |     33 |     65 |   1575 |   3 |  673.0 |
               +--------+--------+--------+--------+--------+-----+--------+

Top non-repeatable levels by time:
     D:2: 837 daAuts
     D:1: 751 daAuts
     D:3: 430 daAuts
